PCL
HOUSTON HAMMERTIME @ MEXICO CITY CERVECEROS
07/19/2027
 
TOP OF THE 1ST
Houston Hammertime batting - Pitching for Mexico City Cerveceros : RHP Josh Schmitt
Pitching: RHP Josh Schmitt
Batting: SHB Carlos Córdova 0-0: Ball
1-0: Called Strike
1-1: Ball
2-1: Ball
3-1: Foul Ball, location: 2F
3-2: Base on Balls
Batting: RHB Alonso Holguín 0-0: Ball
1-0: Ball
2-0: Ball
3-0: Called Strike
3-1: Foul Ball, location: 2F
3-2: Base on Balls
Carlos Córdova to second
Batting: LHB Tom Baker 0-0: Ball
Carlos Córdova is caught stealing 3rd base
Alonso Holguín to second
1-0: Ball
2-0: Ball
3-0: DOUBLE (Line Drive, 7LM)
Alonso Holguín scores
Batting: LHB Leonardo Medina 0-0: Ball
1-0: Ball
2-0: Ball
3-0: Called Strike
3-1: Called Strike
3-2: Base on Balls
Batting: RHB Dan Mason 0-0: Called Strike
0-1: Foul Ball, location: 2F
0-2: Ball
1-2: SINGLE (Groundball, 6MD)
Tom Baker to third
Leonardo Medina to second
Runner from 3rd tries for Home, throw and OUT!
Leonardo Medina to third
Dan Mason to second
Batting: RHB David Hernández 0-0: Ball
1-0: Swinging Strike
1-1: Foul Ball, location: 2F
1-2: Ball
2-2: Ground out 1-3 (Groundball, P)
Top of the 1st over - 1 run(s), 2 hit(s), 0 error(s), 2 left on base; Houston 1 - Mexico City 0
BOTTOM OF THE 1ST
Mexico City Cerveceros batting - Pitching for Houston Hammertime : RHP Kevin Bader
Pitching: RHP Kevin Bader
Batting: RHB Claudio Souza 0-0: Foul Ball, location: 2F
0-1: Ground out 4-3 (Groundball, 4MD)
Batting: LHB Keith Tillman 0-0: Ball
1-0: Called Strike
1-1: Called Strike
1-2: Ball
2-2: Ball
3-2: Ground out 4-3 (Groundball, 4)
Batting: RHB Tae-kwon Kwon 0-0: Ball
1-0: Ball
2-0: Foul Ball, location: 2F
2-1: Ball
3-1: Base on Balls
Batting: RHB Juan Jose Guevana 0-0: Called Strike
0-1: Ball
1-1: Ball
2-1: Ball
3-1: Base on Balls
Tae-kwon Kwon to second
Batting: RHB Hamilton Holbrook 0-0: Foul Ball, location: 2F
0-1: Ball
1-1: 3-RUN HOME RUN (Flyball, 7D), Distance : 355 ft
Batting: LHB Gary Kern 0-0: Foul Ball, location: 2F
0-1: Ball
1-1: Ball
2-1: Called Strike
2-2: Foul Ball, location: 2F
2-2: Fly out, F7 (Flyball, 78D)
Bottom of the 1st over - 3 run(s), 1 hit(s), 0 error(s), 0 left on base; Houston 1 - Mexico City 3
TOP OF THE 2ND
Houston Hammertime batting - Pitching for Mexico City Cerveceros : RHP Josh Schmitt
Batting: RHB Santo Cruz 0-0: Ball
1-0: Fly out, F7 (Flyball, 7LM)
Batting: RHB Alberto Chávez 0-0: Fly out, F4 (Popup, 4)
Batting: LHB Fernando Camacho 0-0: Foul Ball, location: 2F
0-1: Ball
1-1: Ground out 4-3 (Groundball, 4)
Top of the 2nd over - 0 run(s), 0 hit(s), 0 error(s), 0 left on base; Houston 1 - Mexico City 3
BOTTOM OF THE 2ND
Mexico City Cerveceros batting - Pitching for Houston Hammertime : RHP Kevin Bader
Batting: RHB Robinson Pacheco 0-0: Ground out 5-3 (Groundball, 56S)
Batting: LHB John Nicholson 0-0: Foul Ball, location: 2F
0-1: Fly out, F8 (Line Drive, 8LD)
Batting: RHB Orlando Núñes 0-0: Called Strike
0-1: Ball
1-1: Called Strike
1-2: Ball
2-2: Strikes out looking
Bottom of the 2nd over - 0 run(s), 0 hit(s), 0 error(s), 0 left on base; Houston 1 - Mexico City 3
TOP OF THE 3RD
Houston Hammertime batting - Pitching for Mexico City Cerveceros : RHP Josh Schmitt
Batting: SHB Carlos Córdova 0-0: Ball
1-0: Foul Ball, location: 2F
1-1: Foul Ball, location: 2F
1-2: Ball
2-2: Foul Ball, location: 2F
2-2: Strikes out looking
Batting: RHB Alonso Holguín 0-0: Foul Ball, location: 2F
0-1: Called Strike
0-2: Strikes out looking
Batting: LHB Tom Baker 0-0: Called Strike
0-1: Swinging Strike
0-2: Ball
1-2: Foul Ball, location: 2F
1-2: Strikes out swinging
Top of the 3rd over - 0 run(s), 0 hit(s), 0 error(s), 0 left on base; Houston 1 - Mexico City 3
BOTTOM OF THE 3RD
Mexico City Cerveceros batting - Pitching for Houston Hammertime : RHP Kevin Bader
Batting: RHB Claudio Souza 0-0: Called Strike
0-1: Ball
1-1: Called Strike
1-2: Ball
2-2: Foul Ball, location: 2F
2-2: Strikes out looking
Batting: LHB Keith Tillman 0-0: Ball
1-0: Ball
2-0: Called Strike
2-1: Ground out 3-1 (Groundball, 34)
Batting: RHB Tae-kwon Kwon 0-0: Ball
1-0: Ball
2-0: Ball
3-0: Called Strike
3-1: Base on Balls
Batting: RHB Juan Jose Guevana 0-0: Called Strike
0-1: Swinging Strike
0-2: Strikes out swinging
Bottom of the 3rd over - 0 run(s), 0 hit(s), 0 error(s), 1 left on base; Houston 1 - Mexico City 3
TOP OF THE 4TH
Houston Hammertime batting - Pitching for Mexico City Cerveceros : RHP Josh Schmitt
Batting: LHB Leonardo Medina 0-0: Ball
1-0: Foul Ball, location: 2F
1-1: Foul Ball, location: 2F
1-2: Ball
2-2: Ball
3-2: SOLO HOME RUN (Flyball, 89XD), Distance : 408 ft
Batting: RHB Dan Mason 0-0: Ball
1-0: Called Strike
1-1: Foul Ball, location: 2F
1-2: Ground out 4-3 (Groundball, 34)
Batting: RHB David Hernández 0-0: Called Strike
0-1: Swinging Strike
0-2: Strikes out swinging
Batting: RHB Santo Cruz 0-0: Called Strike
0-1: Swinging Strike
0-2: Ball
1-2: Foul Ball, location: 2F
1-2: Ball
2-2: TRIPLE (Line Drive, 5L)
Batting: RHB Alberto Chávez 0-0: Reached on error, E6 (Groundball, 6)
Santo Cruz scores
Batting: LHB Fernando Camacho 0-0: Foul Ball, location: 2F
0-1: Called Strike
0-2: Ball
1-2: Strikes out swinging
Top of the 4th over - 2 run(s), 2 hit(s), 1 error(s), 1 left on base; Houston 3 - Mexico City 3
BOTTOM OF THE 4TH
Mexico City Cerveceros batting - Pitching for Houston Hammertime : RHP Kevin Bader
Batting: RHB Hamilton Holbrook 0-0: Ball
1-0: Foul Ball, location: 2F
1-1: Ball
2-1: Foul Ball, location: 2F
2-2: Strikes out looking
Batting: LHB Gary Kern 0-0: Foul Ball, location: 2F
0-1: Called Strike
0-2: Ball
1-2: Ball
2-2: Ball
3-2: Foul Ball, location: 2F
3-2: Foul Ball, location: 2F
3-2: SINGLE (Flyball, 9LM)
Batting: RHB Robinson Pacheco 0-0: Ball
1-0: Reached via error on a dropped throw, E1
Gary Kern to second
Batting: LHB John Nicholson 0-0: Foul Ball, location: 2F
0-1: Ball
1-1: Swinging Strike
1-2: Fly out, F7 (Flyball, 7S)
Batting: RHB Orlando Núñes 0-0: Called Strike
0-1: Swinging Strike
0-2: Ball
1-2: Ball
2-2: Strikes out looking
Bottom of the 4th over - 0 run(s), 1 hit(s), 1 error(s), 2 left on base; Houston 3 - Mexico City 3
TOP OF THE 5TH
Houston Hammertime batting - Pitching for Mexico City Cerveceros : RHP Josh Schmitt
Batting: SHB Carlos Córdova 0-0: Ball
1-0: Called Strike
1-1: Foul Ball, location: 2F
1-2: Foul Ball, location: 2F
1-2: Ball
2-2: Foul Ball, location: 2F
2-2: Foul Ball, location: 2F
2-2: Foul Ball, location: 2F
2-2: Ball
3-2: SINGLE (Groundball, 34D)
Pitching: RHP Raúl Gómez
Batting: RHB Alonso Holguín 0-0: Fly out, F9 (Line Drive, 89M)
Batting: LHB Tom Baker 0-0: Ball
1-0: Ball
2-0: Ball
3-0: Base on Balls
Carlos Córdova to second
Batting: LHB Leonardo Medina 0-0: Ball
1-0: Called Strike
1-1: Foul Ball, location: 2F
1-2: Foul Ball, location: 2F
1-2: Ball
2-2: Foul Ball, location: 2F
2-2: SINGLE (Line Drive, 89S)
Carlos Córdova to third
Tom Baker to second
Runner from 3rd tries for Home, SAFE, no throw
Batting: RHB Dan Mason 0-0: Called Strike
Tom Baker steals 3rd base
Leonardo Medina to second
0-1: Ball
1-1: Called Strike
1-2: Foul Ball, location: 2F
1-2: Strikes out swinging
Batting: RHB David Hernández 0-0: Ball
1-0: Fly out, F3 (Popup, 3L)
Top of the 5th over - 1 run(s), 2 hit(s), 0 error(s), 2 left on base; Houston 4 - Mexico City 3
BOTTOM OF THE 5TH
Mexico City Cerveceros batting - Pitching for Houston Hammertime : RHP Kevin Bader
Batting: RHB Claudio Souza 0-0: Swinging Strike
0-1: Ball
1-1: Swinging Strike
1-2: SINGLE (Groundball, 56) (infield hit)
Batting: LHB Keith Tillman 0-0: Ground out U3 (Groundball, 34)
Claudio Souza to second
Batting: RHB Tae-kwon Kwon 0-0: Fly out, F3 (Popup, 3L)
Batting: RHB Juan Jose Guevana 0-0: Ball
1-0: Ball
2-0: Foul Ball, location: 2F
2-1: SINGLE (Groundball, 56D)
Claudio Souza to third
Runner from 3rd tries for Home, SAFE, no throw
Batting: RHB Hamilton Holbrook 0-0: Swinging Strike
0-1: Ball
1-1: Foul Ball, location: 2F
1-2: Strikes out swinging
Bottom of the 5th over - 1 run(s), 2 hit(s), 0 error(s), 1 left on base; Houston 4 - Mexico City 4
TOP OF THE 6TH
Houston Hammertime batting - Pitching for Mexico City Cerveceros : RHP Raúl Gómez
Batting: RHB Santo Cruz 0-0: Ball
1-0: Ball
2-0: Fly out, F7 (Flyball, 7LM)
Batting: RHB Alberto Chávez 0-0: Foul Ball, location: 2F
0-1: Ball
1-1: Ball
2-1: Ball
3-1: Base on Balls
Batting: LHB Fernando Camacho 0-0: Ball
1-0: Foul Ball, location: 2F
1-1: Foul Ball, location: 2F
1-2: Foul Ball, location: 2F
1-2: Strikes out swinging
Batting: SHB Carlos Córdova 0-0: Called Strike
0-1: Called Strike
0-2: Fly out, F8 (Line Drive, 8LM)
Top of the 6th over - 0 run(s), 0 hit(s), 0 error(s), 1 left on base; Houston 4 - Mexico City 4
BOTTOM OF THE 6TH
Mexico City Cerveceros batting - Pitching for Houston Hammertime : RHP Kevin Bader
Pitching: RHP António Galindo
Batting: LHB Gary Kern 0-0: Ground out 4-3 (Groundball, 4)
Batting: RHB Robinson Pacheco 0-0: Ball
1-0: Ball
2-0: Foul Ball, location: 2F
2-1: Ball
3-1: Ground out 5-3 (Groundball, 56S)
Batting: LHB John Nicholson 0-0: Called Strike
0-1: Ball
1-1: SINGLE (Line Drive, 7LS)
Batting: RHB Orlando Núñes 0-0: Foul Ball, location: 2F
0-1: Called Strike
0-2: Strikes out swinging
Bottom of the 6th over - 0 run(s), 1 hit(s), 0 error(s), 1 left on base; Houston 4 - Mexico City 4
TOP OF THE 7TH
Houston Hammertime batting - Pitching for Mexico City Cerveceros : RHP Raúl Gómez
Batting: RHB Alonso Holguín 0-0: Swinging Strike
0-1: Ball
1-1: Foul Ball, location: 2F
1-2: Ball
2-2: Foul Ball, location: 2F
2-2: DOUBLE (Line Drive, 8LM)
Pitching: LHP Rubén Rico
Pinch Hitting: RHB Carlos Pérez 0-0: Ball
Wild Pitch!
Alonso Holguín to third
1-0: Ball
2-0: Foul Ball, location: 2F
2-1: Called Strike
2-2: Foul Ball, location: 2F
2-2: Ground out 5-3 (Groundball, 5)
Pitching: RHP Dae-hee Ch'oe
Batting: LHB Leonardo Medina 0-0: Intentional Walk
Pinch Hitting: LHB Juan Cabañas 0-0: Ball
Leonardo Medina is caught stealing 2nd base
1-0: Ball
2-0: Ball
3-0: Foul Ball, location: 2F
3-1: Base on Balls
Pinch Hitting: LHB Pat Jones 0-0: Ball
1-0: Ball
2-0: Ball
3-0: Foul Ball, location: 2F
3-1: Base on Balls
Juan Cabañas to second
Batting: RHB Santo Cruz 0-0: Fielders Choice at 2nd, 6-4 (Groundball, 6)
Top of the 7th over - 0 run(s), 1 hit(s), 0 error(s), 2 left on base; Houston 4 - Mexico City 4
BOTTOM OF THE 7TH
Mexico City Cerveceros batting - Pitching for Houston Hammertime : RHP António Galindo
Now at SS: Carlos Pérez
Now in LF: Juan Cabañas
Now in RF: Pat Jones
Pinch Hitting: RHB Dave Morgan 0-0: Ball
1-0: Ball
2-0: Ball
3-0: Called Strike
3-1: Foul Ball, location: 2F
3-2: Foul Ball, location: 2F
3-2: Strikes out swinging
Batting: LHB Keith Tillman 0-0: Foul Ball, location: 2F
0-1: Ball
1-1: Ball
2-1: Ball
3-1: Ground out 4-3 (Groundball, 4MS)
Batting: RHB Tae-kwon Kwon 0-0: Ground out 6-3 (Groundball, 6)
Bottom of the 7th over - 0 run(s), 0 hit(s), 0 error(s), 0 left on base; Houston 4 - Mexico City 4
TOP OF THE 8TH
Houston Hammertime batting - Pitching for Mexico City Cerveceros : RHP Dae-hee Ch'oe
Now at SS: Javier Escobedo
Batting: RHB Alberto Chávez 0-0: Hit by Pitch
Batting: LHB Fernando Camacho 0-0: Ball
1-0: Bunted foul
1-1: Sac Bunt - play at first, batter OUT! 1-4
Alberto Chávez to second
Pinch Hitting: LHB Bartolo Villanueva 0-0: Ball
1-0: Ball
2-0: Fly out, F6 (Popup, 6)
Batting: RHB Alonso Holguín 0-0: Ball
1-0: Ball
2-0: Ball
3-0: Base on Balls
Batting: RHB Carlos Pérez 0-0: Swinging Strike
0-1: Swinging Strike
0-2: Foul Ball, location: 2F
0-2: Strikes out swinging
Top of the 8th over - 0 run(s), 0 hit(s), 0 error(s), 2 left on base; Houston 4 - Mexico City 4
BOTTOM OF THE 8TH
Mexico City Cerveceros batting - Pitching for Houston Hammertime : RHP António Galindo
Now at 3B: Richard Bowman
Batting: RHB Juan Jose Guevana 0-0: Foul Ball, location: 2F
0-1: Called Strike
0-2: Foul Ball, location: 2F
0-2: Foul Ball, location: 2F
0-2: Strikes out swinging
Batting: RHB Hamilton Holbrook 0-0: Foul Ball, location: 2F
0-1: Ball
1-1: Swinging Strike
1-2: Strikes out looking
Batting: LHB Gary Kern 0-0: Fly out, F3 (Line Drive, 3L)
Bottom of the 8th over - 0 run(s), 0 hit(s), 0 error(s), 0 left on base; Houston 4 - Mexico City 4
TOP OF THE 9TH
Houston Hammertime batting - Pitching for Mexico City Cerveceros : RHP Dae-hee Ch'oe
Pitching: RHP Francisco Carrasco
Batting: LHB Leonardo Medina 0-0: Ball
1-0: Ball
2-0: Called Strike
2-1: Swinging Strike
2-2: Ball
3-2: Ground out 4-3 (Groundball, 4)
Batting: LHB Juan Cabañas 0-0: Called Strike
0-1: Ball
1-1: Ball
2-1: Ground out U3 (Groundball, 34)
Batting: LHB Pat Jones 0-0: SOLO HOME RUN (Flyball, 9D), Distance : 341 ft
Batting: RHB Santo Cruz 0-0: Foul Ball, location: 2F
0-1: Ball
1-1: Ball
2-1: Ball
3-1: Ground out 6-3 (Groundball, 6)
Top of the 9th over - 1 run(s), 1 hit(s), 0 error(s), 0 left on base; Houston 5 - Mexico City 4
BOTTOM OF THE 9TH
Mexico City Cerveceros batting - Pitching for Houston Hammertime : RHP António Galindo
Pitching: RHP Brandon Williams
Now in RF: Enrique Valentín
Batting: RHB Robinson Pacheco 0-0: Called Strike
0-1: Ball
1-1: Swinging Strike
1-2: Foul Ball, location: 2F
1-2: Ball
2-2: Ball
3-2: Base on Balls
Batting: LHB John Nicholson 0-0: Foul Ball, location: 2F
0-1: Foul Ball, location: 2F
0-2: Foul Ball, location: 2F
0-2: Ball
1-2: DOUBLE (Flyball, 78D)
Robinson Pacheco to third
Batting: RHB Orlando Núñes 0-0: Called Strike
0-1: Ball
1-1: Ground out 5-3 (Groundball, 56S)
Batting: LHB Javier Escobedo 0-0: Fly out, F9 (Flyball, 9S)
Batting: LHB Keith Tillman 0-0: Ball
1-0: Ground out 3-1 (Groundball, 34)
Bottom of the 9th over - 0 run(s), 1 hit(s), 0 error(s), 2 left on base; Houston 5 - Mexico City 4
Thursday, March 30th, 2017 - OOTP Baseball 17.12 Build 75